 Dungeon Crawl Stone Soup version 0.19-a0-1882-gbb73ea0 (webtiles) character file.

877 dvd the Stinger (level 8, -1/49 HPs)
             Began as an Octopode Venom Mage on Oct 14, 2016.
             Shot with an arrow by a centaur (10 damage)
             ... on level 5 of the Dungeon.
             The game lasted 00:17:35 (6623 turns).

dvd the Stinger (Octopode Venom Mage)               Turns: 6623, Time: 00:17:36

Health: -1/49      AC:  1    Str:  8    XL:     8   Next: 4%
Magic:  15/15      EV: 14    Int: 23    God:
Gold:   216        SH:  0    Dex: 12    Spells: 4 memorised, 6 levels left

rFire  . . .     SeeInvis .     a - +3 dagger (drain)
rCold  . . .     Gourm    .     (no shield)
rNeg   . . .     Faith    .     (helmet restricted)
rPois  .         Spirit   .     p - amulet of harm
rElec  .         Dismiss  .     n - +4 ring of intelligence
rCorr  .         Reflect  .     (no ring)
MR     .....     Harm     +     (no ring)
Stlth  ++++......               (no ring)
                                (no ring)
                                (no ring)
                                (no ring)
                                (no ring)

@: no status effects
A: almost no armour, stealthy swim, amphibious, 8 rings, constrict 8, camouflage
1, gelatinous body 1
a: no special abilities


You were on level 5 of the Dungeon.
You were not hungry.

You visited 1 branch of the dungeon, and saw 5 of its levels.

You collected 216 gold pieces.

Inventory:

Hand Weapons
 a - a +3 dagger of draining (weapon)
 k - a cursed -3 mace
 q - a +0 long sword
 r - the +2 morningstar of Getanka {vamp, +Inv, unknown}
   (You found it on level 4 of the Dungeon)

   It inflicts no extra harm, but heals its wielder when it wounds a living foe.
   It lets you turn invisible.
 s - the cursed +1 falchion of Pyromania {slice, rElec rN+ Str-4 SInv, unknown}
   (You found it on level 5 of the Dungeon)

   It inflicts extra damage upon your enemies.
   It affects your strength (-4).
   It insulates you from electricity.
   It protects you from negative energy.
   It lets you see invisible.
   It has a curse placed upon it.
Jewellery
 n - a +4 ring of intelligence (left tentacle)
 p - an amulet of harm (around mantle)
Wands
 u - a wand of hasting (3/9)
Scrolls
 e - 6 scrolls of identify
 g - a scroll of enchant weapon
 t - a scroll of recharging {unknown}
 w - a scroll of remove curse
Potions
 c - a potion of berserk rage {unknown}
 d - a potion of flight {unknown}
 f - a potion of ambrosia {unknown}
 h - 2 potions of agility {unknown}
 l - 2 potions of curing {unknown}
 o - a potion of lignification {unknown}
 v - a potion of might {unknown}
Books
 i - a book of Maledictions

   Spells                             Type                      Level
   a - Corona                         Hexes                        1
   b - Ensorcelled Hibernation        Hexes/Ice                    2
   c - Confuse                        Hexes                        3
   d - Tukima's Dance                 Hexes                        3
   e - Dazzling Spray                 Conjuration/Hexes            3
 m - a Young Poisoner's Handbook

   Spells                             Type                      Level
   a - Sting                          Conjuration/Poison           1
   b - Mephitic Cloud                 Conjuration/Poison/Air       3
   c - Olgreb's Toxic Radiance        Poison                       4
   d - Alistair's Intoxication        Transmutation/Poison         5
   e - Venom Bolt                     Conjuration/Poison           5
Comestibles
 b - 2 bread rations
 j - 4 meat rations


   Skills:
 + Level 1.7 Fighting
 + Level 2.0 Short Blades
 + Level 2.6 Dodging
 + Level 6.0 Stealth
 + Level 4.8 Spellcasting
 + Level 1.8 Conjurations
 + Level 1.6 Hexes
 + Level 1.1 Ice Magic
 + Level 6.8 Poison Magic


You had 6 spell levels left.
You knew the following spells:

 Your Spells              Type           Power        Failure   Level  Hunger
a - Sting                 Conj/Pois      ####         1%          1    None
b - Olgreb's Toxic Radia  Pois           #####...     8%          4    ####...
c - Ensorcelled Hibernat  Hex/Ice        ##....       10%         2    None
d - Confuse               Hex            ##......     17%         3    ##.....


Dungeon Overview and Level Annotations

Branches:
Dungeon (5/15)
 Temple: D:4-7

Altars:
Cheibriados
Elyvilon
Gozag
Kikubaaqudgha
Qazlal
Trog
Uskayaw

Shops:
D:3 *

Annotations:
D:5 Mygna's ghost, amateur OgHu


Innate Abilities, Weirdness & Mutations

You cannot wear most types of armour.
You are very stealthy in the water. (Stealth+)
You are amphibious.
You can wear up to eight rings at the same time.
You can use your tentacles to constrict eight enemies at once.
Your skin changes colour to match your surroundings (Stealth+).
Your rubbery body absorbs attacks. (AC +1, EV +1)


Message History

Your Short Blades skill increases to level 2!
Found 24 stones.
Found a stone staircase leading down.
You start resting.
Magic restored.
You start resting.
HP restored.
An adder comes into view.
A centaur comes into view.
The centaur shouts!
The centaur wields a shortbow.
The centaur shoots an arrow.
The arrow hits you!
You see here an arrow.
The adder hisses angrily.
The centaur shoots an arrow.
The arrow hits you.
The centaur shoots an arrow.
The arrow hits you!
* * * LOW HITPOINT WARNING * * *
You see here 2 arrows.
Unknown command.
The centaur shoots an arrow.
The arrow barely misses you.
The centaur shoots an arrow.
The arrow hits you!
You die...

.........# ...<.....#
.........###########+##
.........##...........#
....)....##.........c.#
####'######...........# #.#
#......S....# #.#
#.......(...# #.#
#....>@.....# #.#
#...........# #.#
#.......(...# #.####
#.....(..(..# #....#
#...........###########
####.#
#..................<...
#.########################.
#..............# #.
##############.# #.


You could see a centaur and an adder.

Vanquished Creatures
  Sigmund (D:5)
  An ogre (D:5)
  A centaur (D:5)
  A scorpion (D:4)
  A howler monkey (D:4)
  A crimson imp (D:5)
  A bullfrog zombie (D:4)
  2 hounds (D:4)
  A bullfrog skeleton (D:5)
  An iguana (D:5)
  2 worker ants (D:5)
  A hound zombie (D:4)
  A hound skeleton (D:4)
  A howler monkey skeleton (D:4)
  4 gnolls
  6 adders
  An ooze (D:3)
  2 adder skeletons (D:4)
  2 worms
  A dart slug (D:1)
  11 leopard geckos
  6 orcs
  6 bats
  5 giant cockroaches
  8 goblins
  13 hobgoblins
  3 jackals (D:1)
  9 kobolds
  A quokka (D:3)
  A ball python (D:3)
  7 frilled lizards
  A jackal skeleton (D:5)
  A jackal zombie (D:5)
  2 leopard gecko skeletons
  10 rats
116 creatures vanquished.

Notes
Turn   | Place    | Note
-------+----------+-------------------------------------------
     0 | D:1      | dvd the Octopode Venom Mage began the quest for the Orb.
     0 | D:1      | Reached XP level 1. HP: 11/11 MP: 3/3
    50 | D:1      | Reached skill level 5 in Poison Magic
   119 | D:1      | You fall through a shaft!
   123 | D:2      | Reached XP level 2. HP: 14/17 MP: 5/5
   694 | D:2      | Reached XP level 3. HP: 21/21 MP: 6/6
   775 | D:1      | Learned a level 3 spell: Mephitic Cloud
  1272 | D:1      | Learned a level 2 spell: Ensorcelled Hibernation
  1966 | D:2      | Reached XP level 4. HP: 27/27 MP: 7/7
  2016 | D:2      | Reached skill level 1 in Conjurations
  2019 | D:2      | Found a stormy altar of Qazlal.
  2730 | D:3      | Found Gozag's Platinum Reserve.
  2731 | D:3      | Found an opulent altar of Gozag.
  2956 | D:3      | Reached XP level 5. HP: 29/32 MP: 6/9
  3820 | D:3      | Learned a level 4 spell: Olgreb's Toxic Radiance
  3962 | D:4      | Got a warped morningstar
  4118 | D:4      | Reached skill level 1 in Fighting
  4118 | D:4      | Reached XP level 6. HP: 25/38 MP: 6/10
  4216 | D:4      | Learned a level 3 spell: Confuse
  4440 | D:3      | Reached skill level 1 in Short Blades
  5181 | D:4      | Reached XP level 7. HP: 43/43 MP: 7/12
  5192 | D:5      | Entered Level 5 of the Dungeon
  5192 | D:5      | Found a white marble altar of Elyvilon.
  5192 | D:5      | Found a hide-covered altar of Uskayaw.
  5192 | D:5      | Found an ancient bone altar of Kikubaaqudgha.
  5192 | D:5      | Found a snail-covered altar of Cheibriados.
  5192 | D:5      | Found a bloodstained altar of Trog.
  5200 | D:5      | Reached skill level 1 in Hexes
  5317 | D:5      | Got a pitted falchion
  5339 | D:5      | Noticed Mygna's ghost (amateur OgHu)
  5659 | D:5      | Reached skill level 5 in Stealth
  5790 | D:5      | Noticed Sigmund
  5799 | D:5      | Killed Sigmund
  5799 | D:5      | Reached skill level 1 in Ice Magic
  6041 | D:5      | Reached XP level 8. HP: 48/48 MP: 13/15
  6106 | D:5      | HP: 1/48 [Mygna's ghost (18)]
  6623 | D:5      | Shot with an arrow by a centaur

Vault maps used:
D:1:      ncdulo_watergridlock, columned_hall_lemuel
D:2:      old_standard_altar, first_bread
D:3:      nicolae_gozag_zags_fifth_avenue, hangedman_abyss_or_decor_lesser_grid
D:5:      grunt_temple_overflow_open, serial_bayou_lagoon_a, uniq_blork_the_orc,
          uniq_sigmund

Skill      XL: |  1  2  3  4  5  6  7  8 |
---------------+-------------------------+-----
Poison Magic   | 5 6 |  6.8
Stealth        | 3 4 6 |  6.0
Conjurations   | 1 |  1.8
Spellcasting   | 3 4 |  4.8
Fighting       | 1 |  1.7
Short Blades   | 1 2 |  2.0
Hexes          | 1 |  1.6
Ice Magic      | 1 |  1.1
Dodging        | |  2.6

Action                   |  1- 3 |  4- 6 |  7- 9 || total
-------------------------+-------+-------+-------++-------
Melee: Unarmed           |     6 |       |       ||     6
       Constrict         |    12 |    33 |     3 ||    48
       Short sword       |    42 |   105 |       ||   147
       Tentacles         |     9 |    15 |     4 ||    28
       Dagger            |       |     8 |    28 ||    36
 Cast: Sting             |    50 |    60 |     3 ||   113
       Mephitic Cloud    |     1 |       |       ||     1
       Ensorcelled Hiber |       |     8 |       ||     8
       Olgreb's Toxic Ra |       |     8 |     5 ||    13
       Confuse           |       |     3 |     6 ||     9
  Use: Scroll            |     6 |     4 |     1 ||    11
 Stab: Sleeping          |    10 |    11 |     7 ||    28
       Confused          |       |     1 |     1 ||     2
  Eat: Chunk             |     4 |    11 |     2 ||    17
       Beef jerky        |       |       |     1 ||     1
       Meat ration       |       |       |     1 ||     1
Armor: Skin              |     3 |     4 |       ||     7
Dodge: Dodged            |    25 |    79 |     9 ||   113
